 Dungeon Crawl Stone Soup version 0.29-a0-352-g0917bc69df (webtiles) character file.

Game seed: 4561235570150017532

1571 spaghetti the Insei (level 8, -11/61 HPs)
             Began as a Gnoll Transmuter on Apr 24, 2022.
             Mangled by a wight
             ... wielding a +0 battleaxe
              (19 damage)
             ... on level 6 of the Dungeon.
             The game lasted 00:13:30 (7612 turns).

spaghetti the Insei (Gnoll Transmuter)              Turns: 7612, Time: 00:13:31

Health: -11/61     AC:  2    Str:  9    XL:     8   Next: 90%
Magic:  11/17      EV: 23    Int: 16    God:
Gold:   299        SH:  0    Dex: 17    Spells: 5/19 levels left

rFire   . . .      SeeInvis .     - Unarmed
rCold   + . .      Faith    .   (shield currently unavailable)
rNeg    . . .      Spirit   .   (body armour currently unavailable)
rPois   x          Reflect  .   (helmet currently unavailable)
rElec   .          Harm     .   (cloak currently unavailable)
rCorr   .          Rampage  .   (gloves currently unavailable)
Will    .....                   (boots currently unavailable)
Stlth   +++.......              (no amulet)
HPRegen 0.20/turn               I - ring of protection from cold
MPRegen 0.15/turn               (no ring)

@: spider-form, wereblooded
A: venomous fangs, tiny, (fangs 1), strong nose, distributed training
a: End Transformation


You were on level 6 of the Dungeon.
You were a venomous arachnid creature.
You visited 2 branches of the dungeon, and saw 8 of its levels.

You collected 321 gold pieces.
You spent 22 gold pieces at shops.


Innate Abilities, Weirdness & Mutations

You are a venomous arachnid creature.
You have poisonous fangs.
You are tiny and dextrous.
Your spellcasting is less reliable in this form.
Your armour is entirely melded.
You are incapable of wielding weapons or throwing items.
((You have very sharp teeth.))
Your uncanny sense of smell can sniff out nearby items.
Your experience applies equally to all skills.


   Skills:
 + Level 4.5 Fighting
 + Level 3.6 Short Blades
 + Level 3.6 Long Blades
 + Level 3.6 Axes
 + Level 3.6 Maces & Flails
 + Level 3.6 Polearms
 + Level 3.6 Staves
 + Level 3.6 Slings
 + Level 3.6 Bows
 + Level 3.6 Crossbows
 + Level 3.6 Throwing
 + Level 3.6 Armour
 + Level 5.9 Dodging
 + Level 3.6 Stealth
 + Level 3.6 Shields
 + Level 7.6 Unarmed Combat
 + Level 6.2 Spellcasting
 + Level 3.0 Conjurations
 + Level 3.0 Hexes
 + Level 3.0 Summonings
 + Level 3.0 Necromancy
 + Level 3.0 Translocations
 + Level 4.9 Transmutations
 + Level 3.0 Fire Magic
 + Level 3.0 Ice Magic
 + Level 3.0 Air Magic
 + Level 3.0 Earth Magic
 + Level 3.0 Poison Magic
 + Level 4.0 Invocations
 + Level 3.6 Evocations


You had 5 spell levels left.
You knew the following spells:

 Your Spells              Type           Power      Damage    Failure   Level
a - Beastly Appendage     Tmut           40%        N/A       8%          1
b - Wereblood             Tmut           20%        N/A       10%         2
c - Spider Form           Tmut/Pois      17%        N/A       21%         3
d - Ice Form              Ice/Tmut       17%        N/A       47%         4
e - Summon Ice Beast      Ice/Summ       14%        N/A       58%         4

Your spell library contained the following spells:

 Spells                   Type           Power      Damage    Failure   Level
 Sting                    Tmut/Pois      68%        1d6       10%         1
 Poisonous Vapours        Pois/Air       28%        N/A       17%         2
 Gell's Gravitas          Tloc           14%        N/A       28%         3
 Teleport Other           Tloc           14%        N/A       28%         3
 Olgreb's Toxic Radiance  Pois           14%        N/A       58%         4
 Summon Mana Viper        Hex/Summ       14%        N/A       87%         5
 Dispersal                Tloc           7%         N/A       100%        6
 Monstrous Menagerie      Summ           7%         N/A       100%        7

Inventory:

Hand Weapons
 a - the +7 shortbow of Vaos {freeze, rN+ Str+8 Dex-4, bow}
   (You found it on level 3 of the Dungeon)

   Any ammunition fired from it freezes those it strikes, dealing additional
   cold damage.
   It can also slow down cold-blooded creatures.
   Str:       It affects your strength (+8).
   Dex:       It affects your dexterity (-4).
   rN:        It protects you from negative energy.
 b - the +9 staff of Wucad Mu (melded) {*channel, staff}
   (You acquired it on level 5 of the Dungeon)

   It occasionally powers its wielder's spells, but with a chance of causing
   confusion or draining the wielder's intelligence.
   It becomes more likely to activate and less likely to backfire with increased
   Evocations skill.
Missiles
 g - 162 stones {throwing}
 w - 6 poisoned darts {throwing}
 B - 2 javelins {throwing}
 C - 6 boomerangs {throwing}
 D - 4 throwing nets {=f!fthrowing}
 E - 4 curare-tipped darts {=fthrowing}
Armour
 s - a +0 robe (melded)
 u - a +0 hat
   (You found it on level 3 of the Dungeon)
 F - a +0 helmet (melded)
   (You found it on level 5 of the Dungeon)
Magical Staves
 r - a staff of cold {!astaff}
   (You found it on level 3 of the Dungeon)
 H - a staff of conjuration {!a@e2staff}
   (You found it on level 5 of the Dungeon)
Jewellery
 I - a ring of protection from cold (left front leg)
   (You found it on level 5 of the Dungeon)
Wands
 q - a wand of paralysis (4)
   (You found it on level 3 of the Dungeon)
 y - a wand of flame (18)
   (You took it off Robin on level 4 of the Dungeon)
 G - a wand of charming (3)
   (You found it on level 5 of the Dungeon)
Scrolls
 c - 4 scrolls of teleportation {@r4}
 j - 2 scrolls of amnesia
 l - 2 scrolls of fog
 t - a scroll of vulnerability {!r!r}
 v - 4 scrolls of magic mapping {!r}
 x - a scroll of noise {!r}
 z - 2 scrolls of brand weapon
 A - a scroll of enchant armour {unknown}
 J - a scroll of identify {@r1}
 K - a scroll of immolation {unknown}
 L - a scroll of fear {unknown}
Potions
 d - 2 potions of curing {unknown}
 e - a potion of ambrosia {unknown}
 f - 2 potions of degeneration {unknown}
 h - 3 potions of haste {unknown}
 i - 2 potions of flight {unknown}
 k - a potion of might {unknown}
 m - 4 potions of lignification {!q}
 o - 5 potions of mutation {unknown}
 p - 3 potions of heal wounds {unknown}
 M - a potion of cancellation {unknown}

Dungeon Overview and Level Annotations

Branches:
Dungeon (7/15)             Temple (1/1) D:6

Altars:
Ashenzari
Elyvilon
Fedhas
Gozag
Hepliaklqana
Kikubaaqudgha
Makhleb
Qazlal
Ru
Sif Muna
Trog
Vehumet
Xom
Yredelemnul
The Shining One

Shops:
D:1 :   D:3 *

Annotations:
D:3 exclusion: door
D:6 3 runed translucent doors, Crazy Yiuf; MeatMancer's ghost, amateur TeAE

##.# ##...# #. #..#
#..############# #. #..#
#..#SF≈≈≈r≈≈≈#.## ##.
#..## #..+WF≈≈(≈≈≈≈+..#
##.. ....####
##.#S≈≈F≈≈≈≈F#..# ###...
.......#
#############..###..###
.......##
#.............##..####
........#
#.....z.........###...
........#
#....s.........###....
.....<..#
#.............## #....
........#
##............# ##...
........# #...........##
##.. .......##
#[........### ##.
......## ########..# ##
....### ##.##
......###### #..#
.###.......########.####


You could see a wight.


Message History

You miscast Spider Form.
You are very lightly contaminated with residual magic.
Nothing appears to happen.
The orc wizard shouts! 😎 MP[-3]
You lost 3 mp, and now have 14/17 mp.
Casting: Spider Form (dangerous; 8% risk of failure)
Confirm with . or Enter, or press ? or * to list all spells.
Your blood is infused with primal strength.
An orc wizard comes into view. It is wielding a +0 dagger.
An orc comes into view. It is wielding a +0 club. 😎 MP[-2]
You lost 2 mp, and now have 12/17 mp.
Casting: Wereblood (safe; 2% risk of failure)
Confirm with . or Enter, or press ? or * to list all spells.
You turn into a venomous arachnid creature.
The +9 staff of Wucad Mu {*channel, staff} melds into your body.
Your +0 helmet melds into your body.
Your +0 robe melds into your body.
A wight comes into view. It is wielding a +3 battleaxe.
A wight comes into view. It is wielding a +0 battleaxe. 😎 MP[-3]
You lost 3 mp, and now have 9/17 mp. 2 wights come into view.
The orc wizard barely misses you.
The orc wizard mumbles some strange words.
The orc wizard flickers and vanishes!
Deactivating autopickup; reactivate with Ctrl-A.
You bite the orc wizard!
The orc wizard is poisoned.
You barely miss the orc wizard.
The orc warrior hits you from afar with a +0 trident! 😕 HP[-13]
You take 13 damage, and now have 48/61 hp.
MASSIVE DAMAGE!! (PAUSE)
You bite the orc wizard!
You feel a bit better.
You kill the orc wizard!
The orc warrior completely misses you.
A wight comes into view.
It is wielding a +4 long sword of freezing. 😕 HP[+4] MP[+1]
You regained 4 hp, and now have 52/61 hp.
The orc wizard hits you but does no damage.
The orc warrior hits you with a +0 trident!
Your magical contamination has completely faded away. 😮 HP[-10]
You take 10 damage, and now have 42/61 hp.
You bite the orc warrior!
The orc warrior is poisoned.
The orc wizard hits you with a +0 dagger.
The orc warrior barely misses you. 😮 HP[-2]
You take 2 damage, and now have 40/61 hp.
You hit the orc warrior.
The orc warrior looks as sick as possible!
The orc wizard completely misses you. Something closely misses you.
The orc warrior hits you with a +0 trident!
* * * LOW HITPOINT WARNING * * *
😨 HP[-16]
You take 16 damage, and now have 24/61 hp.
MASSIVE DAMAGE!! (PAUSE)
You hit the orc wizard.
The orc wizard is poisoned.
The orc wizard hits you with a +0 dagger.
* * * LOW HITPOINT WARNING * * *
Something hits you but does no damage. The orc warrior barely misses you.
The wight misses you. 😨 HP[-3]
You take 3 damage, and now have 21/61 hp.
You hit the orc warrior.
The orc warrior looks as sick as possible!
The orc wizard barely misses you. Something hits you.
* * * LOW HITPOINT WARNING * * *
The orc hits you with a +0 club.
* * * LOW HITPOINT WARNING * * *
The orc warrior hits you with a +0 trident.
* * * LOW HITPOINT WARNING * * *
The wight closely misses you. 😱 HP[-11]
You take 11 damage, and now have 10/61 hp.
Unknown command.
You barely miss the orc.
The orc wizard hits you with a +0 dagger.
* * * LOW HITPOINT WARNING * * *
Something barely misses you. The orc misses you.
The orc warrior barely misses you.
The wight completely misses you. 😱 HP[-3]
You take 3 damage, and now have 7/61 hp.
You completely miss the orc.
Unknown command.
Really read
n - a scroll of blinking {!r}?
Blink to where?
Press: ? - help, Dir - move target
As you read the scroll of blinking {!r}, it crumbles to dust. 😱 MP[+1]
The wight misses you.
You climb upwards.
Level annotation: 3 runed translucent doors, Crazy Yiuf; MeatMancer's ghost, amateur TeAE Reactivating autopickup.
There is a stone staircase leading down here. 😱 HP[+1]
You hit the wight. The wight barely misses you.
You hit the wight.
The wight hits you with a +0 battleaxe!!
You die...

Skill      XL: |  1  2  3  4  5  6  7  8 |
---------------+-------------------------+-----
Spellcasting   | 5 6 |  6.2
Invocations    | 1 2 3 4 |  4.0
Short Blades   | 1 2 3 |  3.6
Long Blades    | 1 2 3 |  3.6
Axes           | 1 2 3 |  3.6
Maces & Flails | 1 2 3 |  3.6
Polearms       | 1 2 3 |  3.6
Staves         | 1 2 3 |  3.6
Slings         | 1 2 3 |  3.6
Bows           | 1 2 3 |  3.6
Crossbows      | 1 2 3 |  3.6
Throwing       | 1 2 3 |  3.6
Armour         | 1 2 3 |  3.6
Stealth        | 1 2 3 |  3.6
Shields        | 1 2 3 |  3.6
Evocations     | 1 2 3 |  3.6
Conjurations   | 1 2 3 |  3.0
Hexes          | 1 2 3 |  3.0
Summonings     | 1 2 3 |  3.0
Necromancy     | 1 2 3 |  3.0
Translocations | 1 2 3 |  3.0
Fire Magic     | 1 2 3 |  3.0
Ice Magic      | 1 2 3 |  3.0
Air Magic      | 1 2 3 |  3.0
Earth Magic    | 1 2 3 |  3.0
Poison Magic   | 1 2 3 |  3.0
Fighting       | 3 4 |  4.5
Transmutations | 4 |  4.9
Dodging        | 5 |  5.9
Unarmed Combat | 7 |  7.6

Action                   |  1- 3 |  4- 6 |  7- 9 || total
-------------------------+-------+-------+-------++-------
Melee: Unarmed           |    95 |    52 |    87 ||   234
       Kick              |    13 |     9 |       ||    22
       Headbutt          |     5 |     3 |       ||     8
       Bite              |     7 |     5 |     6 ||    18
       Punch             |     3 |       |     5 ||     8
       Staff             |       |     3 |    29 ||    32
 Fire: Shortbow          |       |    79 |    35 ||   114
 Cast: Beastly Appendage |    13 |     7 |       ||    20
       Wereblood         |     9 |    26 |     8 ||    43
       Spider Form       |     1 |     7 |     9 ||    17
       Summon Ice Beast  |       |       |     2 ||     2
       Ice Form          |       |       |     1 ||     1
 Abil: End Transformatio |       |       |     1 ||     1
Evoke: Wand              |       |       |     2 ||     2
  Use: Scroll            |       |     7 |     4 ||    11
       Potion            |       |       |     1 ||     1
 Stab: Sleeping          |     2 |       |       ||     2
Armor: Robe              |    21 |    16 |     8 ||    45
       Skin              |       |     1 |    21 ||    22
Dodge: Dodged            |    48 |    58 |   115 ||   221

Levels and vault maps discovered:
D:1:      lightli_arrival_statue_moat, layout_basic,
          ebering_ecumenical_altar_petrified, serial_shops,
          nicolae_shop_temple_entry_statues_fountains
D:2:      layout_basic, minmay_fractal_squares_5
D:3:      layout_loops_corners, grunt_temple_overflow_holy_war,
          dk_xom_monty_hall, serial_shops, nicolae_shop_advertising_works
          [nicolae_subvault_shop_adworks],
          nicolae_concentric_dashed_squares_mild, minmay_statues_item
D:4:      layout_loops_corners, uniq_robin
D:5:      layout_rooms, kennysheep_little_box,
          lightli_ossuary_entry_decrepit_ruins
D:6:      layout_cave_pods, minmay_temple_entry_poolview, ebering_ghost_sewer_f,
          uniq_crazy_yiuf_cottage
D:7:      kennysheep_windowed_halls, layout_basic,
          eat_drink_and_be_merry_uskayaw, uniq_maggie
Temple:   jpeg_temple_clearing

Notes
Turn   | Place    | Note
-------+----------+-------------------------------------------
     0 | D:1      | spaghetti the Gnoll Transmuter began the quest for the Orb.
     0 | D:1      | Reached XP level 1. HP: 17/17 MP: 6/6
     0 | D:1      | magus.rc [v1.9.6]
   282 | D:1      | Found Obrad's Book Shop.
   301 | D:1      | Reached XP level 2. HP: 22/23 MP: 7/7
   418 | D:1      | Learned a level 2 spell: Wereblood
   854 | D:1      | Found a faded altar of an unknown god.
   945 | D:1      | Reached XP level 3. HP: 28/28 MP: 5/9
   949 | D:1      | Learned a level 3 spell: Spider Form
   994 | D:1      | Reached skill level 5 in Spellcasting
  1411 | D:2      | Reached skill level 1 in Invocations
  1442 | D:2      | Reached skill level 1 in Short Blades
  1442 | D:2      | Reached skill level 1 in Long Blades
  1442 | D:2      | Reached skill level 1 in Axes
  1442 | D:2      | Reached skill level 1 in Maces & Flails
  1442 | D:2      | Reached skill level 1 in Polearms
  1442 | D:2      | Reached skill level 1 in Staves
  1442 | D:2      | Reached skill level 1 in Slings
  1442 | D:2      | Reached skill level 1 in Bows
  1442 | D:2      | Reached skill level 1 in Crossbows
  1442 | D:2      | Reached skill level 1 in Throwing
  1442 | D:2      | Reached skill level 1 in Armour
  1442 | D:2      | Reached skill level 1 in Stealth
  1442 | D:2      | Reached skill level 1 in Shields
  1442 | D:2      | Reached skill level 1 in Evocations
  1447 | D:2      | Reached XP level 4. HP: 32/34 MP: 9/11
  1595 | D:2      | You pick up a book of Beasts and begin reading...
  1595 | D:2      | You add the spells Summon Ice Beast, Summon Mana Viper and
                  | Monstrous Menagerie to your library.
  1601 | D:2      | Learned a level 4 spell: Ice Form
  2119 | D:3      | Found a shimmering altar of Xom.
  2135 | D:3      | Reached skill level 1 in Conjurations
  2135 | D:3      | Reached skill level 1 in Hexes
  2135 | D:3      | Reached skill level 1 in Summonings
  2135 | D:3      | Reached skill level 1 in Necromancy
  2135 | D:3      | Reached skill level 1 in Translocations
  2135 | D:3      | Reached skill level 1 in Fire Magic
  2135 | D:3      | Reached skill level 1 in Ice Magic
  2135 | D:3      | Reached skill level 1 in Air Magic
  2135 | D:3      | Reached skill level 1 in Earth Magic
  2135 | D:3      | Reached skill level 1 in Poison Magic
  2326 | D:3      | Reached XP level 5. HP: 23/40 MP: 8/12
  2580 | D:3      | Found Zelet's General Store.
  2589 | D:3      | Bought a scroll of identify for 22 gold pieces
  2818 | D:3      | Identified the +7 shortbow of Vaos {freeze, rN+ Str+8
                  | Dex-4}
  3347 | D:3      | Found a glowing golden altar of the Shining One.
  3349 | D:3      | Noticed an angel
  3373 | D:3      | Found a basalt altar of Yredelemnul.
  3396 | D:3      | Noticed a profane servitor
  3521 | D:4      | Reached skill level 3 in Fighting
  3521 | D:4      | Reached skill level 4 in Transmutations
  3676 | D:4      | Reached XP level 6. HP: 47/47 MP: 13/13
  3682 | D:4      | Reached skill level 5 in Dodging
  3682 | D:4      | Reached skill level 2 in Invocations
  3814 | D:4      | Reached skill level 2 in Short Blades
  3814 | D:4      | Reached skill level 2 in Long Blades
  3814 | D:4      | Reached skill level 2 in Axes
  3814 | D:4      | Reached skill level 2 in Maces & Flails
  3814 | D:4      | Reached skill level 2 in Polearms
  3814 | D:4      | Reached skill level 2 in Staves
  3814 | D:4      | Reached skill level 2 in Slings
  3814 | D:4      | Reached skill level 2 in Bows
  3814 | D:4      | Reached skill level 2 in Crossbows
  3814 | D:4      | Reached skill level 2 in Throwing
  3814 | D:4      | Reached skill level 2 in Armour
  3814 | D:4      | Reached skill level 2 in Stealth
  3814 | D:4      | Reached skill level 2 in Shields
  3814 | D:4      | Reached skill level 2 in Evocations
  3876 | D:4      | Noticed Robin
  3896 | D:4      | Killed Robin
  4694 | D:5      | Entered Level 5 of the Dungeon
  4694 | D:5      | Noticed an ice beast
  4699 | D:5      | Killed an ice beast
  4700 | D:5      | Reached skill level 7 in Unarmed Combat
  4700 | D:5      | Reached XP level 7. HP: 52/52 MP: 12/15
  4816 | D:5      | Reached skill level 2 in Conjurations
  4816 | D:5      | Reached skill level 2 in Hexes
  4816 | D:5      | Reached skill level 2 in Summonings
  4816 | D:5      | Reached skill level 2 in Necromancy
  4816 | D:5      | Reached skill level 2 in Translocations
  4816 | D:5      | Reached skill level 2 in Fire Magic
  4816 | D:5      | Reached skill level 2 in Ice Magic
  4816 | D:5      | Reached skill level 2 in Air Magic
  4816 | D:5      | Reached skill level 2 in Earth Magic
  4816 | D:5      | Reached skill level 2 in Poison Magic
  4830 | D:4      | HP: 13/52 [poisoned by a gnoll (curare-tipped dart)]
  5067 | D:5      | HP: 8/52 [gnoll/+0 flail (7)]
  5079 | D:5      | HP: 13/78 [scorpion (1)]
  5378 | D:5      | Reached skill level 3 in Invocations
  5485 | D:5      | Reached XP level 8. HP: 31/60 MP: 16/16
  5979 | D:5      | Found a stormy altar of Qazlal.
  6041 | D:5      | Identified a scroll of acquirement
  6043 | D:5      | Acquired the +9 staff of Wucad Mu {*channel}
  6043 | D:5      | Found the +9 staff of Wucad Mu {*channel, staff}
  6051 | D:5      | Learned a level 4 spell: Summon Ice Beast
  6059 | D:5      | Reached skill level 4 in Fighting
  6059 | D:5      | Reached skill level 3 in Short Blades
  6059 | D:5      | Reached skill level 3 in Long Blades
  6059 | D:5      | Reached skill level 3 in Axes
  6059 | D:5      | Reached skill level 3 in Maces & Flails
  6059 | D:5      | Reached skill level 3 in Polearms
  6059 | D:5      | Reached skill level 3 in Staves
  6059 | D:5      | Reached skill level 3 in Slings
  6059 | D:5      | Reached skill level 3 in Bows
  6059 | D:5      | Reached skill level 3 in Crossbows
  6059 | D:5      | Reached skill level 3 in Throwing
  6059 | D:5      | Reached skill level 3 in Armour
  6059 | D:5      | Reached skill level 3 in Stealth
  6059 | D:5      | Reached skill level 3 in Shields
  6059 | D:5      | Reached skill level 3 in Evocations
  6305 | D:6      | Found a runed translucent door.
  6309 | D:6      | Noticed MeatMancer's ghost (amateur TeAE)
  6344 | D:6      | Reached skill level 6 in Spellcasting
  6437 | D:6      | Found a staircase to the Ecumenical Temple.
  6446 | Temple   | Entered the Ecumenical Temple
  6842 | D:6      | Found a runed translucent door.
  7045 | D:6      | Reached skill level 3 in Conjurations
  7045 | D:6      | Reached skill level 3 in Hexes
  7045 | D:6      | Reached skill level 3 in Summonings
  7045 | D:6      | Reached skill level 3 in Necromancy
  7045 | D:6      | Reached skill level 3 in Translocations
  7045 | D:6      | Reached skill level 3 in Fire Magic
  7045 | D:6      | Reached skill level 3 in Ice Magic
  7045 | D:6      | Reached skill level 3 in Air Magic
  7045 | D:6      | Reached skill level 3 in Earth Magic
  7045 | D:6      | Reached skill level 3 in Poison Magic
  7045 | D:6      | Reached skill level 4 in Invocations
  7154 | D:6      | You add the spells Sting, Poisonous Vapours and Olgreb's
                  | Toxic Radiance to your library.
  7154 | D:6      | You add the spells Gell's Gravitas, Teleport Other and
                  | Dispersal to your library.
  7468 | D:6      | Found a runed translucent door.
  7469 | D:6      | Noticed Crazy Yiuf
  7605 | D:7      | HP: 15/61 [orc/+0 club (3)]
  7606 | D:7      | HP: 7/61 [orc wizard/+0 dagger (3)]
  7612 | D:6      | Mangled by a wight

Vanquished Creatures
  A black bear (D:6)
  3 ice beasts
  2 ogres
  A phantom (D:6)
  A bullfrog (D:6)
  3 scorpions
  A gnoll sergeant (D:6)
  An orc priest (D:4)
  4 hounds
  2 jellies
  A gnoll shaman (D:5)
  2 orc wizards
  Robin (D:4)
  10 gnolls
  10 adders
  A white imp (D:6)
  3 ufetubi
  2 worms (D:2)
  4 dart slugs
  3 orcs (D:4)
  5 bats
  7 endoplasms
  3 giant cockroaches
  19 goblins
  10 hobgoblins
  3 iguanas
  3 jackals
  3 quokkas
  7 ball pythons
  6 frilled lizards
  9 kobolds
  7 rats
138 creatures vanquished.

Table legend:
 A = Non-vault XP
 B = Vault XP
 C = Vault XP percentage of total XP
 D = Non-vault monster count
 E = Vault monster count
 F = Vault count percentage of total count
                 A         B        C        D         E       F
            +---------+---------+-------+---------+---------+-------
      Total |    2135 |     110 |   4.9 |     118 |      20 |  14.5
            +---------+---------+-------+---------+---------+-------
        D:1 |      43 |       0 |   0.0 |      26 |       0 |   0.0
        D:2 |      40 |      28 |  41.2 |      17 |       6 |  26.1
        D:3 |      49 |      45 |  47.9 |      13 |       2 |  13.3
        D:4 |     389 |      37 |   8.7 |      27 |      12 |  30.8
        D:5 |     694 |       0 |   0.0 |      17 |       0 |   0.0
        D:6 |     884 |       0 |   0.0 |      17 |       0 |   0.0
        D:7 |      36 |       0 |   0.0 |       1 |       0 |   0.0
            +---------+---------+-------+---------+---------+-------

Illustrated notes

Table legend:
 A = Kills in this place as a percentage of kills in entire the game.
 B = Kills by you in this place as a percentage of kills by you in the entire game.
 C = Kills by friends in this place as a percentage of kills by friends in the entire game.
 D = Other kills in this place as a percentage of other kills in the entire game.
 E = Experience gained in this place as a percentage of experience gained in the entire game.
 F = Experience gained in this place divided by the number of levels of this place that you have seen.
                   A       B       C       D       E      F
               +-------+-------+-------+-------+-------+----------------------
         Total | 100.0 | 100.0 |   N/A |   N/A | 100.0 | 280.6
       Dungeon | 100.0 | 100.0 |   N/A |   N/A | 100.0 | 320.7
               +-------+-------+-------+-------+-------+----------------------

Table legend: (Time is in decaauts)
 A = Elapsed time spent in this place.
 B = Non-inter-level travel time spent in this place.
 C = Inter-level travel time spent in this place.
 D = Time resting spent in this place.
 E = Time spent auto-exploring this place.
 F = Levels seen in this place.
 G = Mean time per level.
                   A        B        C        D        E       F      G
               +--------+--------+--------+--------+--------+-----+--------+
         Total |   7631 |   7369 |    262 |   1151 |   5225 |   8 |  953.9 |
       Dungeon |   7538 |   7289 |    249 |   1151 |   5157 |   7 | 1076.9 |
        Temple |     92 |     79 |     13 |      0 |     68 |   1 |   92.0 |
               +--------+--------+--------+--------+--------+-----+--------+

Top non-repeatable levels by time:
     D:4: 1825 daAuts
     D:3: 1403 daAuts
     D:1: 1322 daAuts
     D:6: 1307 daAuts
     D:5: 933 daAuts
     D:2: 730 daAuts
  Temple: 92 daAuts
     D:7: 15 daAuts
